 Dungeon Crawl Stone Soup version 0.26-a0-201-gb271ac0e06 (webtiles) character file.

Game seed: 9672636704892048474

279 tilp the Sneak (level 6, 0/28 HPs)
             Began as a Spriggan Enchanter on July 5, 2020.
             Killed by divine providence
             ... invoked by an orc priest
              (14 damage)
             ... on level 3 of the Dungeon.
             The game lasted 00:05:32 (2776 turns).

tilp the Sneak (Spriggan Enchanter)                 Turns: 2776, Time: 00:05:33

Health: 0/28       AC:  2    Str:  4    XL:     6   Next: 5%
Magic:  5/13       EV: 18    Int: 19    God:
Gold:   108        SH:  0    Dex: 16    Spells: 4/13 levels left

rFire    . . .     SeeInvis +   a - +2 dagger
rCold    . . .     Faith    .   (shield restricted)
rNeg     . . .     Spirit   .   b - +0 robe
rPois    .         Reflect  .   (helmet restricted)
rElec    .         Harm     .   (no cloak)
rCorr    .                      (gloves unavailable)
MR       +....                  (boots unavailable)
Stlth    ++++......             f - amulet of magic regeneration
HPRegen  0.09/turn              (no ring)
MPRegen  0.38/turn              (no ring)

@: very quick
A: very small, unfitting armour, see invisible, herbivore, speed 3, slow
metabolism 2
a: no special abilities


You were on level 3 of the Dungeon.
You were hungry.

You visited 1 branch of the dungeon, and saw 3 of its levels.

You collected 108 gold pieces.

Inventory:

Hand Weapons
 a - a +2 dagger (weapon)
Missiles
 g - 122 stones (quivered)
 s - 6 datura-tipped darts
Armour
 b - a +0 robe (worn)
Jewellery
 f - an amulet of magic regeneration (around neck)
 q - a cursed -4 ring of intelligence {unknown}
Wands
 i - a wand of polymorph (17)
Scrolls
 j - a scroll of enchant weapon
 l - a scroll of magic mapping
 m - a scroll of immolation {unknown}
 o - a scroll of teleportation
 r - a scroll of blinking {unknown}
Potions
 c - 2 potions of might
 e - a potion of brilliance {unknown}
 h - a potion of haste {unknown}
 k - 2 potions of curing {unknown}
 n - a potion of mutation {unknown}
 p - 2 potions of lignification {unknown}
Comestibles
 d - 7 rations


   Skills:
 + Level 4.4 Short Blades
 - Level 3.0 Dodging
 + Level 7.4 Stealth
 - Level 4.0 Spellcasting
 - Level 3.6 Hexes


You had 4 spell levels left.
You knew the following spells:

 Your Spells              Type           Power        Failure   Level  Hunger
a - Corona                Hex            ###....      3%          1    None
b - Ensorcelled Hibernat  Hex/Ice        ##....       10%         2    ##.....
c - Confusing Touch       Hex            ###.....     10%         3    ###....
d - Dazzling Flash        Conj/Hex       ##....       21%         3    ###....

Your spell library contained the following spells:

 Spells                   Type           Power        Failure   Level  Hunger
 Tukima's Dance           Hex            ###.....     10%         3    ###....


Dungeon Overview and Level Annotations

Branches:
Dungeon (3/15)

Altars:
The Shining One


Innate Abilities, Weirdness & Mutations

You are very small and have problems with some larger weapons.
You are too small for most types of armour.
You have supernaturally acute eyesight. (SInv)
You are a herbivore.
You cover ground extremely quickly.
You need to consume almost no food.


Message History

Casting: Ensorcelled Hibernation (safe; 10% risk of failure)
Confirm with . or Enter, or press ? or * to list all spells.
Aiming: Ensorcelled Hibernation (safe; 10% risk of failure)
Press: ? - help, Shift-Dir - straight line, f/p - orc priest
Aim: an orc priest, wielding a +0 flail (chance to defeat MR: 41%)
The orc priest resists with some effort.
The orc priest calls down the wrath of Beogh upon you.
Beogh smites you!
Ouch! That really hurt!
Casting: Ensorcelled Hibernation (safe; 10% risk of failure)
Confirm with . or Enter, or press ? or * to list all spells.
Aiming: Ensorcelled Hibernation (safe; 10% risk of failure)
Press: ? - help, Shift-Dir - straight line, f/p - orc priest
Aim: an orc priest, wielding a +0 flail (chance to defeat MR: 41%)
The orc priest resists with some effort.
The jackal misses you.
The orc priest calls down the wrath of Beogh upon you.
Beogh smites you!
Ouch! That really hurt!
You die...

......[..........
......................##
......................##
........................
...r..................##
......................#
........o.............##
......).......!.†.....).
......h@......<.......##
......h)†.............##
........................
......................##
......................#
.........[............#
......................##
........................
...................##...


You could see an orc priest, 2 jackals and a rat.

Vanquished Creatures
  An ogre (D:2)
  Terence (D:2)
  Natasha (thrice) (D:2)
  3 adders (D:2)
  An ooze (D:3)
  2 worms
  A dart slug (D:2)
  3 leopard geckos
  4 orcs (D:3)
  7 giant cockroaches
  4 goblins
  4 hobgoblins
  2 jackals (D:2)
  2 bats
  5 frilled lizards
  7 kobolds
  7 rats
57 creatures vanquished.

Notes
Turn   | Place    | Note
-------+----------+-------------------------------------------
     0 | D:1      | tilp the Spriggan Enchanter began the quest for the Orb.
     0 | D:1      | Reached XP level 1. HP: 9/9 MP: 5/5
   320 | D:1      | Reached XP level 2. HP: 7/13 MP: 5/7
   450 | D:1      | Learned a level 2 spell: Ensorcelled Hibernation
   823 | D:1      | Reached skill level 5 in Stealth
  1277 | D:2      | Noticed an ogre
  1369 | D:2      | Noticed Natasha
  1381 | D:2      | Noticed a crimson imp
  1383 | D:2      | Noticed a crimson imp
  1387 | D:2      | Reached XP level 3. HP: 11/16 MP: 5/8
  1445 | D:2      | Killed Natasha
  1567 | D:2      | Noticed Natasha
  1594 | D:2      | Killed Natasha
  1594 | D:2      | Reached XP level 4. HP: 21/21 MP: 10/10
  1699 | D:2      | Learned a level 3 spell: Confusing Touch
  1703 | D:2      | Learned a level 3 spell: Dazzling Flash
  1723 | D:2      | Noticed Terence
  1740 | D:2      | Killed Terence
  1804 | D:2      | Reached skill level 6 in Stealth
  1826 | D:2      | Noticed Natasha
  1917 | D:2      | Killed Natasha
  1917 | D:2      | Reached XP level 5. HP: 18/24 MP: 9/12
  2020 | D:2      | Killed an ogre
  2020 | D:2      | Reached skill level 7 in Stealth
  2221 | D:3      | Found a glowing golden altar of the Shining One.
  2584 | D:3      | Reached XP level 6. HP: 26/28 MP: 13/13
  2776 | D:3      | Killed from afar by an orc priest

Illustrated notes

Levels and vault maps discovered:
D:1:      dpeg_arrival_connections, layout_loops_ring
D:2:      layout_rooms, uniq_terence, uniq_natasha
D:3:      layout_basic, nicolae_tso_carved_into_rock, first_ration

Skill      XL: |  1  2  3  4  5 |
---------------+----------------+-----
Spellcasting   | 3 4 |  4.0
Stealth        | 5 6 7 |  7.4
Short Blades   | 2 3 4 |  4.4
Dodging        | |  3.0
Hexes          | |  3.6

Action                   |  1- 3 |  4- 6 || total
-------------------------+-------+-------++-------
Melee: Dagger            |   118 |    74 ||   192
Throw: Stone             |       |     1 ||     1
 Cast: Corona            |     6 |       ||     6
       Ensorcelled Hiber |    13 |    23 ||    36
  Use: Scroll            |     3 |     2 ||     5
 Stab: Sleeping          |    16 |    17 ||    33
Armor: Robe              |     6 |     6 ||    12
       Skin              |    18 |       ||    18
Dodge: Dodged            |    73 |    73 ||   146

Table legend:
 A = Non-vault XP
 B = Vault XP
 C = Vault XP percentage of total XP
 D = Non-vault monster count
 E = Vault monster count
 F = Vault count percentage of total count
                 A         B        C        D         E       F
            +---------+---------+-------+---------+---------+-------
      Total |     330 |      69 |  17.3 |      55 |       2 |   3.5
            +---------+---------+-------+---------+---------+-------
        D:1 |      34 |       0 |   0.0 |      21 |       0 |   0.0
        D:2 |     251 |      69 |  21.6 |      15 |       2 |  11.8
        D:3 |      45 |       0 |   0.0 |      19 |       0 |   0.0
            +---------+---------+-------+---------+---------+-------
